 Dungeon Crawl Stone Soup version 0.24-a0-25-g8489be9 (webtiles) character file.

Game seed: 5547992031919830483

5679 Blackhawk the Fighter (level 10, -8/66 HPs)
             Began as a Gargoyle Gladiator on Feb 1, 2019.
             Was an Elder of Okawaru.
             Shot with an arrow by a centaur warrior (14 damage)
             ... on level 11 of the Dungeon.
             The game lasted 00:21:00 (11242 turns).

Blackhawk the Fighter (Gargoyle Gladiator)         Turns: 11242, Time: 00:21:01

Health: -8/66      AC: 24    Str: 24      XL:     10   Next: 75%
Magic:  10/10      EV: 13    Int:  8      God:    Okawaru [****..]
Gold:   525        SH:  0    Dex:  8 (9)  Spells: 9/9 levels left

rFire    . . .     SeeInvis .   a - +3 morningstar (crush)
rCold    . . .     Gourm    .   (no shield)
rNeg     + . .     Faith    +   u - +4 ring mail
rPois    ∞         Spirit   .   N - +2 helmet
rElec    +         Reflect  .   y - +2 cloak
rCorr    .         Harm     .   (no gloves)
MR       .....                  (no boots)
Stlth    ..........             o - amulet of faith
HPRegen  0.21/turn              e - ring of wizardry
MPRegen  0.12/turn              (no ring)

@: no status effects
A: clumsy 1, negative energy resistance 1, electricity resistance, strong 1,
unbreathing, petrification resistance, rot immunity, AC +7
a: Heroism, Renounce Religion


You were on level 11 of the Dungeon.
You worshipped Okawaru.
Okawaru was greatly pleased with you.
You were hungry.

You visited 2 branches of the dungeon, and saw 12 of its levels.
You also visited: Sewer.

You collected 525 gold pieces.

Inventory:

Hand Weapons
 a - a +3 morningstar of crushing (weapon)
 b - a +2 dagger of venom
 h - a +2 flail of holy wrath
 s - a +1 dire flail of protection
 A - the +8 storm bow {elec}
   (You found it on level 5 of the Dungeon)

   It charges the ammunition it shoots with electricity; occasionally upon a
   hit, such missiles may discharge and cause terrible harm.
 E - a +4 whip
Missiles
 d - 5 throwing nets (quivered)
Armour
 u - a +4 ring mail (worn)
 y - a +2 cloak (worn)
 N - a +2 helmet (worn)
Jewellery
 e - a ring of wizardry (left hand)
 o - an amulet of faith (around neck)
 G - a +4 amulet of reflection
 L - a cursed ring of attention
Wands
 I - a wand of enslavement (6)
Scrolls
 g - a scroll of amnesia
 i - 4 scrolls of teleportation
 l - 4 scrolls of remove curse
 n - a scroll of enchant armour
 p - a scroll of fog
 t - a scroll of immolation
 w - 5 scrolls of enchant weapon
 x - a scroll of fear
 K - a scroll of silence
 M - a scroll of vulnerability
Potions
 k - 2 potions of haste
 r - a potion of magic
 v - 12 potions of curing
 z - 4 potions of heal wounds
 B - a potion of cancellation
 C - 3 potions of might
 D - a potion of flight
 F - 5 potions of agility
 H - 4 potions of brilliance
Comestibles
 f - 26 rations


   Skills:
 + Level 9.0 Fighting
 + Level 8.5 Maces & Flails
 - Level 3.1 Throwing
 + Level 7.9 Armour
 + Level 7.1 Dodging


You had 9 spell levels left.
You didn't know any spells.
Your spell library contained the following spells:

 Spells                   Type           Power        Failure   Level  Hunger
 Summon Small Mammal      Summ           #...         26%         1    ##.....
 Call Imp                 Summ           #.......     34%         2    ###....
 Call Canine Familiar     Summ           #.......     56%         3    ####...
 Summon Guardian Golem    Hex/Summ       #.......     56%         3    ####...
 Summon Ice Beast         Ice/Summ       #.......     91%         4    #####..
 Summon Lightning Spire   Summ/Air       #.......     91%         4    #####..


Dungeon Overview and Level Annotations

Branches:
Dungeon (11/15)            Temple (1/1) D:7            Lair (0/6) D:8
    Orc: D:9-12

Altars:
Ashenzari
Cheibriados
Dithmenos
Elyvilon
Fedhas
Gozag
Hepliaklqana
Kikubaaqudgha
Makhleb
Nemelex Xobeh
Okawaru
Qazlal
Ru
Sif Muna
Trog
Uskayaw
Vehumet
Wu Jian
Xom
Yredelemnul
Zin
The Shining One

Shops:
D:4 *   D:7 :   D:8 %   D:10 }


Innate Abilities, Weirdness & Mutations

You are resistant to torment.
Your stone body is resilient. (AC +7)
You are immune to poison.
You resist negative energy. (rN+)
You are resistant to electric shocks. (rElec)
You can survive without breathing.
You are immune to petrification.
You are immune to rotting.
You are clumsy. (Dex -2)
Your muscles are strong. (Str +2)


Message History

The centaur warrior shoots an arrow.
The arrow hits you.
You see here an arrow.
The centaur warrior shoots an arrow.
The arrow hits you.
You see here an arrow.
The centaur warrior shoots an arrow.
The arrow hits you!
* * * LOW HITPOINT WARNING * * *
The centaur warrior shoots an arrow.
The arrow barely misses you.
You see here 2 arrows.
Okay, then.
As you read the scroll of fog, it crumbles to dust.
The scroll dissolves into smoke.
The centaur warrior shoots an arrow.
The arrow hits you but does no damage.
You see here an arrow.
The centaur warrior shoots an arrow.
The arrow hits you but does no damage.
The centaur warrior shoots an arrow.
The arrow hits you!
* * * LOW HITPOINT WARNING * * *
There is a stone staircase leading up here.
You see here 2 arrows.
The centaur warrior shoots an arrow.
The arrow hits you!
You die...

...........#
.##...#.F###
.....(..uY#
##...#..#.#
#...####.####.#
##.....c(.....#
#.#####(########
#.#......####
#(#.#.#@..cF#
#(# #####.#.#
#(#.......#.#
#c#########c#
#....§§§§§§F#
#############


You could see a centaur warrior and a bullfrog.

Vanquished Creatures
  A tengu warrior (D:10)
  A troll (D:9)
  Prince Ribbit (D:6)
  A hippogriff (D:9)
  Sigmund (D:2)
  Eustachio (D:4)
  Edmund (D:5)
  An acid dragon (D:11)
  Duvessa (D:6)
  A porcupine (D:8)
  4 sky beasts
  3 orc warriors
  2 black bears
  3 ogres
  2 phantoms (D:9)
  3 centaurs
  3 crocodiles
  4 bullfrogs
  A big kobold (D:9)
  Dowan (D:6)
  4 scorpions
  3 killer bees (D:10)
  3 howler monkeys
  3 crimson imps
  A quasit (D:11)
  3 hounds
  2 orc priests
  2 bullfrog skeletons
  3 orc wizards
  3 iguanas
  Natasha (thrice) (D:4)
  8 worker ants
  A hound skeleton (D:9)
  A worker ant zombie (D:5)
  6 gnolls
  A howler monkey skeleton (D:4)
  10 adders
  9 river rats (Sewer)
  2 shadow imps
  2 oozes
  An adder skeleton (D:4)
  2 worms
  4 dart slugs
  11 leopard geckos
  28 orcs
  5 ball pythons
  4 bats
  7 giant cockroaches
  10 goblins
  16 hobgoblins
  3 jackals (D:3)
  36 kobolds
  5 quokkas
  A ball python skeleton (D:4)
  6 frilled lizards
  A quokka zombie (D:7)
  24 rats
270 creatures vanquished.

Vanquished Creatures (others)
  A yak (D:11)
  3 fungi (D:8)
4 creatures vanquished.

Grand Total: 274 creatures vanquished

Notes
Turn   | Place    | Note
-------+----------+-------------------------------------------
     0 | D:1      | Blackhawk the Gargoyle Gladiator began the quest for the
                  | Orb.
     0 | D:1      | Reached XP level 1. HP: 12/12 MP: 1/1
   244 | D:1      | Reached XP level 2. HP: 15/18 MP: 2/2
   936 | D:1      | Reached XP level 3. HP: 19/22 MP: 3/3
  1450 | D:2      | Found a stormy altar of Qazlal.
  1593 | D:2      | Reached XP level 4. HP: 6/27 MP: 4/4
  1872 | D:2      | Reached skill level 3 in Fighting
  1951 | D:2      | Noticed Sigmund
  1953 | D:2      | Gained mutation: You are clumsy. (Dex -2) [potion of
                  | mutation]
  1953 | D:2      | Gained mutation: Your muscles are strong. (Str +2) [potion
                  | of mutation]
  1964 | D:2      | Killed Sigmund
  1964 | D:2      | Reached XP level 5. HP: 28/33 MP: 5/5
  1964 | D:2      | Reached XP level 6. HP: 33/38 MP: 6/6
  2432 | D:3      | Found a white marble altar of Elyvilon.
  2954 | D:3      | Reached skill level 4 in Fighting
  3073 | D:4      | Noticed Natasha
  3085 | D:4      | Killed Natasha
  3085 | D:4      | Reached skill level 1 in Armour
  3100 | D:4      | Noticed Natasha
  3205 | D:4      | Killed Natasha
  3229 | D:4      | Noticed Natasha
  3237 | D:4      | Killed Natasha
  3356 | D:4      | Reached XP level 7. HP: 32/44 MP: 7/7
  3599 | D:4      | Found a radiant altar of Vehumet.
  3722 | D:4      | Found Goschirr's General Store.
  3803 | D:4      | Found a hazy altar of Hepliaklqana.
  3824 | D:4      | Noticed Eustachio
  3885 | D:4      | Killed Eustachio
  3885 | D:4      | Reached skill level 5 in Maces & Flails
  4135 | D:4      | Reached skill level 5 in Fighting
  4371 | D:5      | Entered Level 5 of the Dungeon
  4436 | D:5      | Found a sparkling altar of Nemelex Xobeh.
  4447 | D:5      | Found the +8 storm bow {elec}
  4615 | D:5      | Reached XP level 8. HP: 47/49 MP: 8/8
  4627 | D:5      | Found a glowing drain.
  4631 | Sewer    | Entered a sewer
  6129 | D:6      | Noticed Edmund
  6143 | D:5      | Killed Edmund
  6261 | D:5      | Reached skill level 6 in Fighting
  6261 | D:5      | Reached skill level 5 in Dodging
  6739 | D:6      | Noticed Prince Ribbit
  6771 | D:6      | Killed Prince Ribbit
  6771 | D:6      | Reached skill level 5 in Armour
  6771 | D:6      | Reached XP level 9. HP: 27/56 MP: 9/9
  6955 | D:6      | Noticed Dowan
  6955 | D:6      | Noticed Duvessa
  6967 | D:6      | Killed Duvessa
  6974 | D:6      | Killed Dowan
  7385 | D:7      | Found a staircase to the Ecumenical Temple.
  7394 | Temple   | Entered the Ecumenical Temple
  7456 | Temple   | Became a worshipper of Warmaster Okawaru
  7576 | D:7      | Reached skill level 7 in Fighting
  7820 | D:7      | Found Waudau's Book Shoppe.
  8031 | D:7      | Found a burning altar of Makhleb.
  8036 | D:7      | Found a glowing silver altar of Zin.
  8036 | D:7      | Found a hide-covered altar of Uskayaw.
  8036 | D:7      | Found a deep blue altar of Sif Muna.
  8037 | D:7      | Found a snail-covered altar of Cheibriados.
  8039 | D:7      | Found a shimmering altar of Xom.
  8041 | D:7      | Found a basalt altar of Yredelemnul.
  8224 | D:8      | Reached * piety under Okawaru
  8780 | D:8      | Found Fos Quag's Food Emporium.
  8802 | D:8      | Found a staircase to the Lair.
  8960 | D:9      | Reached XP level 10. HP: 64/64 MP: 10/10
  9115 | D:9      | Reached ** piety under Okawaru
  9115 | D:9      | Reached skill level 8 in Fighting
  9495 | D:9      | Found a shattered altar of Ashenzari.
  9960 | D:10     | Entered Level 10 of the Dungeon
  9969 | D:10     | Reached *** piety under Okawaru
  9970 | D:10     | Found Kocronnis's Gadget Boutique.
 10343 | D:10     | Noticed a tengu warrior
 10358 | D:10     | Killed a tengu warrior
 11115 | D:11     | Reached skill level 9 in Fighting
 11192 | D:11     | Noticed a green ugly thing
 11193 | D:11     | Noticed a centaur warrior
 11196 | D:11     | Reached **** piety under Okawaru
 11242 | D:11     | Shot with an arrow by a centaur warrior

Vault maps used:
D:1:      scummos_arrival_simple_fountains
D:2:      nicolae_qazlal_general_emergency, uniq_sigmund
D:3:      first_ration, elyvilon_altar_1
D:4:      lemuel_doored_altar, lemuel_crystal_altar, serial_shops, shop,
          uniq_natasha, uniq_eustachio
D:5:      nemelex_xobeh_ov_fountains_minmay, gup_sewer_entry_bowl
D:6:      uniq_prince_ribbit1, uniq_edmund, uniq_duvessa
D:7:      minitemple, minmay_temple_entry_nine_rooms, serial_shops, shop
D:8:      grunt_lair_entry_orc_guard_hut, serial_shops, nicolae_shop_waterfront
D:9:      ashenzari_conservatory_becter
D:10:     serial_shops, nicolae_shop_waterfront, grunt_tengu_nest
D:11:     minmay_the_grid_four_pointed_star_mashed
Temple:   compressed_dpeg_triangle_lava_temple
Sewer:    sewer_minmay_treatment

Skill      XL: |  1  2  3  4  5  6  7  8  9 10 |
---------------+-------------------------------+-----
Throwing       | 2 3 |  3.1
Fighting       | 3 4 5 6 7 9 |  9.0
Maces & Flails | 4 5 6 7 8 |  8.5
Dodging        | 3 4 5 6 7 |  7.1
Armour         | 1 3 5 6 7 |  7.9

Action                   |  1- 3 |  4- 6 |  7- 9 | 10-12 || total
-------------------------+-------+-------+-------+-------++-------
Melee: Flail             |   138 |    72 |       |       ||   210
       Morningstar       |       |    89 |   488 |   148 ||   725
       Dagger            |       |       |    13 |    14 ||    27
       Punch             |       |       |       |     1 ||     1
Invok: Heroism           |       |       |       |     1 ||     1
  Use: Potion            |       |     2 |     1 |       ||     3
       Scroll            |       |       |    17 |    10 ||    27
  Eat: Chunk             |     2 |     6 |    19 |     3 ||    30
       Ration            |       |       |       |     1 ||     1
Armor: Leather armour    |    18 |       |       |       ||    18
       Chain mail        |    68 |   100 |   355 |       ||   523
       Ring mail         |       |       |    64 |   161 ||   225
Dodge: Dodged            |    91 |    85 |   348 |   204 ||   728

Table legend:
 A = Non-vault XP
 B = Vault XP
 C = Vault XP percentage of total XP
 D = Non-vault monster count
 E = Vault monster count
 F = Vault count percentage of total count
                 A         B        C        D         E       F
            +---------+---------+-------+---------+---------+-------
      Total |    5299 |    2815 |  34.7 |     204 |      66 |  24.4
            +---------+---------+-------+---------+---------+-------
        D:1 |      42 |       0 |   0.0 |      20 |       0 |   0.0
        D:2 |      75 |     227 |  75.2 |      30 |       1 |   3.2
        D:3 |      91 |       0 |   0.0 |      36 |       0 |   0.0
        D:4 |     446 |     237 |  34.7 |      15 |       2 |  11.8
        D:5 |     587 |     174 |  22.9 |      18 |       5 |  21.7
        D:6 |     498 |     484 |  49.3 |      16 |       3 |  15.8
        D:7 |     489 |       0 |   0.0 |      18 |       0 |   0.0
        D:8 |     594 |     609 |  50.6 |      16 |       5 |  23.8
        D:9 |    1694 |       0 |   0.0 |      24 |       0 |   0.0
       D:10 |     594 |     864 |  59.3 |       9 |       1 |  10.0
       D:11 |     189 |      45 |  19.2 |       2 |       1 |  33.3
      Sewer |       0 |     175 | 100.0 |       0 |      48 | 100.0
            +---------+---------+-------+---------+---------+-------
